 Dungeon Crawl Stone Soup version 0.31.0-11-ge490571c62 (webtiles) character file.

Game seed: 5460739477415011396

185 Ijustatesigmund the Trooper (level 5, -1/51 HPs)
             Began as a Gargoyle Fighter on Jan 30, 2024.
             Killed from afar by Ijyb (14 damage)
             ... with a bolt of light
             ... on level 3 of the Dungeon.
             The game lasted 00:05:30 (3756 turns).

Ijustatesigmund the Trooper (Gargoyle Fighter)      Turns: 3756, Time: 00:05:30

Health: -1/51      AC: 22    Str: 20    XL:     5   Next: 64%
Magic:  5/5        EV:  2    Int: 10    God:
Gold:   123        SH:  0    Dex:  9    Spells: 4/4 levels left

rFire   . . .        a - +0 flail
rCold   . . .        c - +0 buckler
rNeg    + . .        b - melded +2 scale mail {rPois}
rPois   ∞            (helmet currently unavailable)
rElec   .            (cloak currently unavailable)
rCorr   .            (gloves currently unavailable)
SInv    .            l - melded +0 pair of boots
Will    .....        (no amulet)
Stlth   +            (no ring)
HPRegen 0.28/turn    (no ring)
MPRegen 0.09/turn

%: no passive effects
@: confused, tree-form, hasted, very quick
A: stationary, stasis, torment immunity, boosted hp, sickness immunity, AC +4,
negative energy resistance 1, (electricity resistance), torment resistance 1,
petrification resistance
a: no special abilities


You were on level 3 of the Dungeon.
You were a tree.
You visited 1 branch of the dungeon, and saw 4 of its levels.

You collected 123 gold pieces.

Inventory:

Hand Weapons
 a - a +0 flail (weapon)
Armour
 b - a +2 scale mail of poison resistance (melded)
 c - a +0 buckler (worn)
 l - a +0 pair of boots (melded)
Magical Staves
 k - a staff of earth
Scrolls
 e - a scroll of revelation {unknown}
 f - 2 scrolls of immolation {unknown}
 g - 2 scrolls of blinking {unknown}
 h - 2 scrolls of teleportation
 j - 3 scrolls of fear {unknown}
 m - a scroll of vulnerability {unknown}
 o - a scroll of brand weapon {unknown}


   Skills:
 + Level 4.4 Fighting
 * Level 3.5 Maces & Flails
 - Level 4.2 Armour
 - Level 4.2 Shields


You had 4 spell levels left.
You didn't know any spells.
Your spell library was empty.

Dungeon Overview and Level Annotations

Branches:
Dungeon (4/15)
 Temple: D:4-7

Altars:

Annotations:
D:3 Ijyb


Innate Abilities, Weirdness & Mutations

You are a tree.
Your roots penetrate the ground, keeping you stationary.
You cannot be teleported.
You are immune to unholy pain and torment.
Your maximum health is greatly increased.
Your equipment is partially melded.
You are immune to sickness and miasma.
((Your stone body is resilient. (AC +4)))
You are immune to poison.
You resist negative energy. (rN+)
((You are resistant to electric shocks. (rElec)))
You are resistant to unholy torment.
You are immune to petrification.


Message History

Ijyb shouts!
Ijyb zaps a wand.
The bolt of light misses you.
You aren't carrying any items that you can evoke.
Unknown command.
You hit Ijyb but do no damage.
Ijyb zaps a wand.
The bolt of light hits you!
You are confused.
Ijyb screams, "You nasty!
Big nasty!"
Ijyb zaps a wand.
The bolt of light hits you!!
Ouch! That really hurt!
* * * LOW HITPOINT WARNING * * *
You are too injured to fight recklessly!
You are too injured to fight recklessly!
You are too injured to fight recklessly!
You are too injured to fight recklessly!
You are too injured to fight recklessly!
You are too injured to fight recklessly!
You are too injured to fight recklessly!
You are too injured to fight recklessly!
You are too injured to fight recklessly!
You turn into a tree.
Your +0 pair of boots melds into your body.
Your +2 scale mail of poison resistance melds into your body.
Your roots penetrate the ground.
Ijyb hits you but does no damage.
It was a potion of haste.
You feel yourself speed up.
You feel less confused. Ijyb hits you with a +0 dagger.
* * * LOW HITPOINT WARNING * * *
You closely miss Ijyb.
Ijyb zaps a wand.
The bolt of light hits you.
* * * LOW HITPOINT WARNING * * *
You hit Ijyb but do no damage. You closely miss Ijyb.
Ijyb hits you but does no damage.
It was a potion of curing.
You feel better. Ijyb screams, "Me kill you!" Ijyb hits you but does no damage.
It was a potion of magic.
Magic courses through your body.
You hit Ijyb.
Ijyb is moderately wounded.
Ijyb zaps a wand.
The bolt of light hits you!
You are confused.
You die...

....####...# #.
..# ..
...........## #..
### #..
###.###...(.####.#
#.
#.............#.#
#..###.....##.#.#
#..# ##...###.#.#
#..####..## #.#.#
#........####.#g#
#.#####.......#♣#
#.# #.........#
#.# #)......###
##.# #.....#.#
##.#####.......#
##.##..........#
##..............
#####..........#
..............##


You could see Ijyb.

Vanquished Creatures
  Natasha (thrice) (D:2)
  An orc wizard (D:3)
  A gnoll (D:3)
  An adder (D:3)
  4 orcs
  4 endoplasms
  3 giant cockroaches
  8 goblins
  3 hobgoblins
  10 jackals
  2 quokkas
  7 ball pythons
  4 bats
  A frilled lizard (D:2)
  4 kobolds
  5 rats
61 creatures vanquished.

Notes
Turn   | Place    | Note
-------+----------+-------------------------------------------
     0 | D:1      | Ijustatesigmund the Gargoyle Fighter began the quest for
                  | the Orb.
     0 | D:1      | Reached XP level 1. HP: 14/14 MP: 1/1
     3 | D:1      | Noticed an electric eel
     4 | D:1      | Noticed an electric eel
   128 | D:1      | Found a faded altar of an unknown god.
   254 | D:1      | Reached XP level 2. HP: 17/19 MP: 2/2
   470 | D:1      | Reached XP level 3. HP: 24/24 MP: 3/3
  1654 | D:2      | Noticed Natasha
  1668 | D:2      | Killed Natasha
  1669 | D:2      | Reached XP level 4. HP: 8/29 MP: 4/4
  2030 | D:2      | Noticed Natasha
  2038 | D:2      | Killed Natasha
  2782 | D:2      | Noticed Natasha
  2800 | D:2      | Killed Natasha
  2801 | D:2      | Reached XP level 5. HP: 12/33 MP: 5/5
  3746 | D:3      | Noticed Ijyb
  3756 | D:3      | Killed from afar by Ijyb

Illustrated notes

Levels and vault maps discovered:
D:1:      arrival_aquarium_b, layout_loops_ring,
          shapermc_ecumenical_altar_starsandcircs
D:2:      layout_loops_corners, st_stairs_13, chequers_arboretum, uniq_natasha
D:3:      layout_loops_ring, hangedman_decor_clover_reticule,
          kennysheep_orc_chapel, uniq_ijyb
D:4:      layout_loops_ring, mainiacjoe_overflow_tiny_flanked,
          minmay_temple_entry_sparse_star, uniq_pikel, uniq_menkaure

Skill      XL: |  1  2  3  4 |
---------------+-------------+-----
Fighting       | 4 |  4.4
Armour         | 4 |  4.2
Shields        | 4 |  4.2
Maces & Flails | 3 |  3.5

Action                     |  1- 3 |  4- 6 || total
---------------------------+-------+-------++-------
  Melee: Flail             |   135 |    99 ||   234
    Use: Potion            |     2 |     4 ||     6
         Scroll            |       |     1 ||     1
 Armour: Scale mail        |    94 |    42 ||   136
         Chain mail        |     9 |    75 ||    84
         Skin              |     5 |     9 ||    14
  Dodge: Dodged            |    74 |    40 ||   114
  Block: Buckler           |    25 |    19 ||    44
